 Dungeon Crawl Stone Soup version 0.30-a0-1112-gfb780f5df6 (webtiles) character file.

Game seed: 11430140584571264914

644 retardedninja the Firebug (level 7, -4/51 HPs)
             Began as a Gnoll Fire Elementalist on Apr 19, 2023.
             Slain by a large slime creature (29 damage)
             ... on level 5 of the Dungeon.
             The game lasted 00:05:33 (5617 turns).

retardedninja the Firebug (Gnoll Fire Elementalist) Turns: 5617, Time: 00:05:34

Health: -4/51      AC:  3    Str:  7    XL:     7   Next: 52%
Magic:  8/15       EV: 13    Int: 17    God:
Gold:   291        SH:  0    Dex: 12    Spells: 14/17 levels left

rFire   . . .      SeeInvis .    q - +1 broad axe (heavy)
rCold   . . .      Faith    .    (no shield)
rNeg    . . .      Spirit   .    a - +1 robe
rPois   .          Reflect  .    (no helmet)
rElec   .          Rampage  .    (no cloak)
rCorr   .                        (no gloves)
Will    .....                    (no boots)
Stlth   +++                      (no amulet)
HPRegen 0.28/turn                (no ring)
MPRegen 0.14/turn                (no ring)

@: no status effects
A: fangs 1, strong nose, distributed training
a: no special abilities


You were on level 5 of the Dungeon.
You visited 1 branch of the dungeon, and saw 5 of its levels.

You collected 291 gold pieces.

Inventory:

Hand Weapons
 q - a +1 heavy broad axe (weapon)
Armour
 a - a +1 robe (worn)
Wands
 s - a wand of quicksilver (1)
Scrolls
 c - a scroll of blinking {unknown}
 i - 2 scrolls of amnesia
 j - 3 scrolls of immolation {unknown}
 m - 5 scrolls of identify
 n - a scroll of teleportation {unknown}
 o - a scroll of fog {unknown}
 t - a scroll of noise {unknown}
Potions
 b - a potion of magic
 d - 2 potions of might {unknown}
 f - 3 potions of attraction
 g - a potion of invisibility {unknown}
 h - a potion of degeneration {unknown}
 k - a potion of berserk rage {unknown}
 l - a potion of haste {unknown}
 p - a potion of brilliance {unknown}
 r - a potion of ambrosia {unknown}


   Skills:
 + Level 2.6 Fighting
 + Level 2.6 Short Blades
 + Level 2.6 Long Blades
 + Level 2.6 Axes
 + Level 2.6 Maces & Flails
 + Level 2.6 Polearms
 + Level 2.6 Staves
 + Level 2.6 Ranged Weapons
 + Level 2.6 Throwing
 + Level 2.6 Armour
 + Level 5.3 Dodging
 + Level 5.0 Stealth
 + Level 2.6 Shields
 + Level 2.6 Unarmed Combat
 + Level 5.7 Spellcasting
 + Level 3.1 Conjurations
 + Level 2.1 Hexes
 + Level 2.1 Summonings
 + Level 2.1 Necromancy
 + Level 2.1 Translocations
 + Level 2.1 Transmutations
 + Level 5.9 Fire Magic
 + Level 2.1 Ice Magic
 + Level 2.1 Air Magic
 + Level 2.1 Earth Magic
 + Level 2.1 Poison Magic
 + Level 2.9 Invocations
 + Level 2.6 Evocations


You had 14 spell levels left.
You knew the following spells:

 Your Spells              Type           Power      Damage    Failure   Level
a - Foxfire               Conj/Fire      80%        2x1d8     1%          1
b - Scorch                Fire           48%        2d7       1%          2

Your spell library contained the following spells:

 Spells                   Type           Power      Damage    Failure   Level
 Static Discharge         Conj/Air       26%        2-4/arc   7%          2
 Inner Flame              Hex/Fire       18%        N/A       8%          3
 Volatile Blastmotes      Fire/Tloc      36%        2d13      8%          3
 Dazzling Flash           Conj/Hex       26%        N/A       14%         3
 Flame Wave               Conj/Fire      20%        2d7       21%         4
 Fulminant Prism          Conj/Hex       6%         3d7       41%         4
 Iskenderun's Mystic Bla  Conj/Tloc      13%        2d5       41%         4
 Airstrike                Air            6%         2d(1-17)  47%         4
 Summon Lightning Spire   Summ/Air       12%        N/A       47%         4
 Fireball                 Conj/Fire      10%        3d6       50%         5
 Lee's Rapid Deconstruct  Erth           6%         3d6*      83%         5
 Starburst                Conj/Fire      10%        6d5       97%         6
 Plasma Beam              Fire/Air       9%         2x1d21    98%         6


Dungeon Overview and Level Annotations

Branches:
Dungeon (5/15)
 Temple: D:4-7

Altars:
Fedhas
Vehumet
Yredelemnul

Annotations:
D:2 1 runed translucent door, Crazy Yiuf


Innate Abilities, Weirdness & Mutations

You have very sharp teeth.
Your uncanny sense of smell can sniff out nearby items.
Your experience applies equally to all skills.


Message History

The large slime creature closely misses you.
You feel much better.
The large slime creature closely misses you.
A jelly comes into view.
Aiming: Quicksilver Bolt
Press: ? - help, Q - select action, (/) - cycle Shift-Dir - straight line, f - jelly, p - large slime creature
Aim: a jelly (wandering, hasn't noticed you, 100% to hit)
The bolt of dispelling energy hits the large slime creature!
The large slime creature is heavily wounded.
The bolt of dispelling energy hits the jelly!
The jelly is almost dead.
The jelly quivers.
The large slime creature barely misses you.
Unknown command.
Aiming: Quicksilver Bolt
Press: ? - help, Q - select action, (/) - cycle Shift-Dir - straight line, f/p - jelly
Aim: a jelly (almost dead, 100% to hit)
The bolt of dispelling energy hits the large slime creature!
The large slime creature is heavily wounded.
The bolt of dispelling energy hits the jelly!
You kill the jelly!
The large slime creature hits you!!
Unknown command.
Aiming: Quicksilver Bolt
Press: ? - help, Q - select action, (/) - cycle Shift-Dir - straight line, f - large slime creature
Aim: a large slime creature (heavily wounded, 94% to hit)
The bolt of dispelling energy hits the large slime creature!!
The large slime creature is severely wounded.
The large slime creature hits you but does no damage.
Your magical contamination has completely faded away.
Unknown command.
Aiming: Quicksilver Bolt
Press: ? - help, Q - select action, (/) - cycle Shift-Dir - straight line, f/p - large slime creature
Aim: a large slime creature (severely wounded, 94% to hit)
The bolt of dispelling energy hits the large slime creature!!
The large slime creature is almost dead.
The large slime creature jiggles.
The large slime creature hits you!!
Ouch! That really hurt!
You die...

# ###.### #.## #
##.....# #..# # #..###.#
##.# # #### ### #.# #
###### #.## #######
######## #...... #...
#.....###......##JJ÷P...
#### #....(##.......#J#
∆ ∆∆ #.....(........#@#
∆ #....))(.......#.#
#.....'......#'#.# ∆
###.#.##.....#.#.#
##.#####....#.#.# ∆
##...##########.## ∆
.......#### ###
##...#.##.. #########
###.##.##.# #.......##
###


You could see a large slime creature and an endoplasm.

Vanquished Creatures
  An ice beast (D:5)
  2 kobold brigands (D:5)
  A scorpion (D:5)
  A jelly (D:5)
  3 hounds (D:5)
  A sleepcap (D:3)
  An iguana (D:4)
  An orc wizard (D:4)
  3 adders
  A shadow imp (D:5)
  3 ufetubi
  2 worms (D:2)
  3 dart slugs
  7 orcs
  6 bats
  9 endoplasms
  2 giant cockroaches (D:3)
  7 goblins
  8 hobgoblins
  4 jackals (D:2)
  2 quokkas (D:4)
  4 ball pythons
  2 frilled lizards
  14 kobolds
  A rat (D:1)
89 creatures vanquished.

Vanquished Creatures (others)
  377 foxfires
  2 fungi (D:5)
  6 toadstools (D:5)
385 creatures vanquished.

Grand Total: 474 creatures vanquished

Notes
Turn   | Place    | Note
-------+----------+-------------------------------------------
     0 | D:1      | retardedninja the Gnoll Fire Elementalist began the quest
                  | for the Orb.
     0 | D:1      | Reached XP level 1. HP: 13/13 MP: 6/6
   114 | D:1      | You fall into a shaft and drop 1 floor!
   382 | D:2      | Reached XP level 2. HP: 9/20 MP: 4/7
   700 | D:2      | Reached skill level 5 in Spellcasting
   700 | D:2      | Reached XP level 3. HP: 9/25 MP: 4/9
  1023 | D:1      | Reached skill level 1 in Invocations
  1605 | D:2      | Reached skill level 1 in Fighting
  1605 | D:2      | Reached skill level 1 in Short Blades
  1605 | D:2      | Reached skill level 1 in Long Blades
  1605 | D:2      | Reached skill level 1 in Axes
  1605 | D:2      | Reached skill level 1 in Maces & Flails
  1605 | D:2      | Reached skill level 1 in Polearms
  1605 | D:2      | Reached skill level 1 in Staves
  1605 | D:2      | Reached skill level 1 in Ranged Weapons
  1605 | D:2      | Reached skill level 1 in Throwing
  1605 | D:2      | Reached skill level 1 in Armour
  1605 | D:2      | Reached skill level 1 in Shields
  1605 | D:2      | Reached skill level 1 in Unarmed Combat
  1605 | D:2      | Reached skill level 1 in Evocations
  1903 | D:2      | Found a runed translucent door.
  1904 | D:2      | Noticed Crazy Yiuf
  2277 | D:3      | Reached XP level 4. HP: 32/32 MP: 6/11
  2640 | D:3      | Reached skill level 1 in Hexes
  2640 | D:3      | Reached skill level 1 in Summonings
  2640 | D:3      | Reached skill level 1 in Necromancy
  2640 | D:3      | Reached skill level 1 in Translocations
  2640 | D:3      | Reached skill level 1 in Transmutations
  2640 | D:3      | Reached skill level 1 in Ice Magic
  2640 | D:3      | Reached skill level 1 in Air Magic
  2640 | D:3      | Reached skill level 1 in Earth Magic
  2640 | D:3      | Reached skill level 1 in Poison Magic
  3345 | D:3      | Found a faded altar of an unknown god.
  3431 | D:3      | Reached XP level 5. HP: 37/37 MP: 9/12
  3642 | D:4      | Learned a level 2 spell: Scorch
  3876 | D:4      | Found a basalt altar of Yredelemnul.
  4658 | D:5      | Entered Level 5 of the Dungeon
  4671 | D:5      | Reached XP level 6. HP: 39/44 MP: 10/14
  4747 | D:5      | Noticed an ice beast
  4756 | D:5      | Killed an ice beast
  4757 | D:5      | Reached skill level 5 in Dodging
  4903 | D:5      | Found a radiant altar of Vehumet.
  5314 | D:5      | Reached XP level 7. HP: 47/51 MP: 9/15
  5359 | D:5      | Found a blossoming altar of Fedhas.
  5468 | D:5      | Reached skill level 5 in Stealth
  5601 | D:5      | Noticed a slime creature
  5601 | D:5      | Noticed a slime creature
  5617 | D:5      | Slain by a large slime creature

Illustrated notes

Levels and vault maps discovered:
D:1:      lightli_arrival_statue_moat, layout_rooms
D:2:      layout_loops_cross, uniq_crazy_yiuf_cottage
D:3:      layout_basic, shapermc_ecumenical_altar_petra
D:4:      layout_cave_pods, mainiacjoe_overflow_six_doors_small,
          kennysheep_generic_room_12
D:5:      cheibrodos_fertilizer, layout_loops_ring, general_overflow_altar,
          mainiacjoe_overflow_surrounded_room

Skill      XL: |  1  2  3  4  5  6  7 |
---------------+----------------------+-----
Conjurations   | 2 3 |  3.1
Spellcasting   | 5 |  5.7
Invocations    | 1 2 |  2.9
Fighting       | 1 2 |  2.6
Short Blades   | 1 2 |  2.6
Long Blades    | 1 2 |  2.6
Axes           | 1 2 |  2.6
Maces & Flails | 1 2 |  2.6
Polearms       | 1 2 |  2.6
Staves         | 1 2 |  2.6
Ranged Weapons | 1 2 |  2.6
Throwing       | 1 2 |  2.6
Armour         | 1 2 |  2.6
Shields        | 1 2 |  2.6
Unarmed Combat | 1 2 |  2.6
Evocations     | 1 2 |  2.6
Hexes          | 1 2 |  2.1
Summonings     | 1 2 |  2.1
Necromancy     | 1 2 |  2.1
Translocations | 1 2 |  2.1
Transmutations | 1 2 |  2.1
Ice Magic      | 1 2 |  2.1
Air Magic      | 1 2 |  2.1
Earth Magic    | 1 2 |  2.1
Poison Magic   | 1 2 |  2.1
Dodging        | 5 |  5.3
Stealth        | 5 |  5.0
Fire Magic     | |  5.9

Action                     |  1- 3 |  4- 6 |  7- 9 || total
---------------------------+-------+-------+-------++-------
  Melee: Unarmed           |     8 |       |       ||     8
         Bite              |     5 |       |     1 ||     6
         Flail             |    14 |       |       ||    14
         Broad axe         |       |     9 |     4 ||    13
   Cast: Foxfire           |    82 |   138 |     8 ||   228
         Scorch            |       |     2 |     9 ||    11
  Evoke: Wand              |       |       |     5 ||     5
    Use: Scroll            |       |     7 |       ||     7
         Potion            |       |       |     2 ||     2
 Armour: Robe              |    22 |    13 |     8 ||    43
  Dodge: Dodged            |    62 |    53 |    21 ||   136

Table legend: (Time is in decaauts)
 A = Elapsed time spent in this place.
 B = Non-inter-level travel time spent in this place.
 C = Inter-level travel time spent in this place.
 D = Time resting spent in this place.
 E = Time spent auto-exploring this place.
 F = Levels seen in this place.
 G = Mean time per level.
                   A        B        C        D        E       F      G
               +--------+--------+--------+--------+--------+-----+--------+
         Total |   5630 |   5502 |    128 |    385 |   4320 |   5 | 1126.0 |
       Dungeon |   5630 |   5502 |    128 |    385 |   4320 |   5 | 1126.0 |
               +--------+--------+--------+--------+--------+-----+--------+

Top non-repeatable levels by time:
     D:3: 1566 daAuts
     D:2: 1371 daAuts
     D:4: 1063 daAuts
     D:5: 965 daAuts
     D:1: 664 daAuts
